 Dungeon Crawl Stone Soup version 0.20.1-1-g8b1a95d (webtiles) character file.

249 ChromeMolly the Sneak (level 6, -3/42 HPs)
             Began as an Octopode Fighter on Nov 14, 2017.
             Was an Initiate of Gozag.
             Slain by Grinder (5 damage)
             ... while paralysed by Grinder
             ... on level 3 of the Dungeon.
             The game lasted 00:10:04 (1865 turns).

ChromeMolly the Sneak (Octopode Fighter)            Turns: 1865, Time: 00:10:05

Health: -3/42      AC:  1    Str: 20    XL:     6   Next: 12%
Magic:  6/6        EV:  2    Int: 11    God:    Gozag
Gold:   140        SH:  0    Dex: 13    Spells: 5/5 levels left

rFire    . . .     SeeInvis .   a - +0 war axe
rCold    . . .     Gourm    +   b - +1 shield
rNeg     . . .     Faith    .   (helmet restricted)
rPois    .         Spirit   .   q - amulet of the gourmand
rElec    .         Reflect  .   (no ring)
rCorr    .         Harm     .   (no ring)
MR       .....                  (no ring)
Stlth    ++++......             (no ring)
Regen    0.2/turn               (no ring)
MPRegen  0.1/turn               (no ring)
                                (no ring)
                                (no ring)

@: paralysed, mighty
A: almost no armour, stealthy swim, amphibious, 8 rings, constrict 8, camouflage
1, gelatinous body 1
a: Potion Petition, Call Merchant, Bribe Branch, Renounce Religion


You were on level 3 of the Dungeon.
You worshipped Gozag.
Gozag was aware of your devotion.
You were full.

You visited 1 branch of the dungeon, and saw 3 of its levels.

You collected 171 gold pieces.
You paid 31 gold pieces to Gozag.

Inventory:

Hand Weapons
 a - a +0 war axe (weapon)
 e - a +0 dagger
Missiles
 h - 19 stones (quivered)
Armour
 b - a +1 shield (worn)
Jewellery
 i - an uncursed ring of fire
 q - an amulet of the gourmand (around mantle)
Potions
 j - a potion of lignification
 k - a potion of agility {unknown}
 n - a potion of mutation {unknown}
Comestibles
 d - 3 bread rations
 f - 10 fruits
 m - 2 meat rations


   Skills:
 + Level 3.4 Fighting
 + Level 0.6 Short Blades
 + Level 2.4 Axes
 * Level 2.0 Throwing
 + Level 3.6 Dodging
 * Level 5.2 Stealth
 + Level 3.6 Shields


You had 5 spell levels left.
You didn't know any spells.

Dungeon Overview and Level Annotations

Branches:
Dungeon (3/15)

Altars:
Gozag

Annotations:
D:3 Grinder


Innate Abilities, Weirdness & Mutations

You cannot wear most types of armour.
You are very stealthy in the water. (Stealth+)
You are amphibious.
You can wear up to eight rings at the same time.
You can use your tentacles to constrict eight enemies at once.
Your skin changes colour to match your surroundings (Stealth+).
Your rubbery body absorbs attacks. (AC +1, EV +1)


Message History

Grinder gestures at you.
You barely resist.
Grinder blinks!
You can move again.
Grinder gestures at you. Pain shoots through your body!
* * * LOW HITPOINT WARNING * * *
You closely miss Grinder. Your grab misses Grinder. Grinder hits you!
* * * LOW HITPOINT WARNING * * *
You writhe in agony.
* * * LOW HITPOINT WARNING * * *
Grinder barely misses you.
You closely miss Grinder. You grab Grinder. You squeeze Grinder!
Grinder is moderately wounded.
You constrict Grinder. Grinder gestures at you.
You suddenly lose the ability to move!
You lose your grip on Grinder.
Grinder hits you.
You die...
Your body crumbles into a pile of gold.

..........#
..........####
...>......... ....
............ .....
..........# .....
........%.##########.....
..........$..............
5h.......$$..............
.
.......)$.....@5.......#
#
h......................#
#
..(....................#
##
.......................#
#.
.......................#
#.
................[......#
#. .....................#
#. .....................#
## ..........)....#


You could see Grinder.

Vanquished Creatures
  A centaur (D:3)
  Natasha (D:2)
  9 adders
  2 oozes
  A dart slug (D:2)
  2 leopard geckos
  2 giant cockroaches
  5 hobgoblins
  9 jackals (D:3)
  6 kobolds
  4 bats
  3 frilled lizards
  6 goblins
  4 rats (D:2)
55 creatures vanquished.

Notes
Turn   | Place    | Note
-------+----------+-------------------------------------------
     0 | D:1      | ChromeMolly the Octopode Fighter began the quest for the Orb.
     0 | D:1      | Reached XP level 1. HP: 16/16 MP: 1/1
   157 | D:1      | Reached XP level 2. HP: 18/21 MP: 2/2
   684 | D:2      | Reached skill level 1 in Stealth
   684 | D:2      | Reached XP level 3. HP: 21/26 MP: 3/3
   839 | D:2      | Reached skill level 2 in Stealth
   850 | D:2      | Noticed Natasha
   861 | D:2      | Killed Natasha
   861 | D:2      | Reached skill level 1 in Throwing
   861 | D:2      | Reached XP level 4. HP: 22/31 MP: 4/4
   871 | D:2      | Reached skill level 3 in Stealth
  1267 | D:2      | Reached XP level 5. HP: 36/36 MP: 5/5
  1460 | D:3      | Found an opulent altar of Gozag.
  1470 | D:3      | Became a worshipper of Gozag Ym Sagoz the Greedy
  1515 | D:3      | Noticed a centaur
  1516 | D:3      | Reached skill level 4 in Stealth
  1521 | D:3      | Killed a centaur
  1524 | D:3      | Reached XP level 6. HP: 10/42 MP: 6/6
  1526 | D:3      | Reached skill level 5 in Stealth
  1838 | D:3      | Noticed Grinder
  1849 | D:3      | Paralysed by Grinder for 2 turns
  1855 | D:3      | Paralysed by Grinder for 6 turns
  1863 | D:3      | HP: 2/42 [Grinder (2)]
  1864 | D:3      | Paralysed by Grinder for 5 turns
  1865 | D:3      | Slain by Grinder

Skill      XL: |  1  2  3  4  5  6 |
---------------+-------------------+-----
Stealth        | 1 2 3 4 5 |  5.2
Throwing       | 1 2 |  2.0
Fighting       | |  3.4
Short Blades   | |  0.6
Axes           | |  2.4
Dodging        | |  3.6
Shields        | |  3.6

Action                   |  1- 3 |  4- 6 || total
-------------------------+-------+-------++-------
Melee: War axe           |    20 |    39 ||    59
       Dagger            |    27 |    18 ||    45
       Constrict         |    11 |    15 ||    26
       Tentacles         |    12 |    18 ||    30
Throw: Stone             |     6 |    19 ||    25
  Use: Scroll            |       |     6 ||     6
       Potion            |       |     1 ||     1
 Stab: Sleeping          |     9 |     4 ||    13
  Eat: Chunk             |     1 |    10 ||    11
Armor: Skin              |     6 |     6 ||    12
Dodge: Dodged            |    16 |    31 ||    47
Block: Shield            |    14 |    38 ||    52
